 Dungeon Crawl Stone Soup version 0.28-a0-29-g0adfcbbeba (webtiles) character file.

Game seed: 2165185364949813975

191 HAL9000 the Chucker (level 5, 0/26 HPs)
             Began as a Vine Stalker Brigand on July 27, 2021.
             Succumbed to a gnoll's poison
             ... on level 3 of the Dungeon.
             The game lasted 00:03:47 (2715 turns).

HAL9000 the Chucker (Vine Stalker Brigand)          Turns: 2715, Time: 00:03:47

Health: 0/26       AC:  6    Str: 14    XL:     5   Next: 70%
Magic:  1/2        EV: 11    Int: 11    God:
Gold:   161        SH:  0    Dex: 16    Spells: 4/4 levels left

rFire   + . .      SeeInvis .   p - +2 dagger (antimagic)
rCold   . . .      Faith    .   (no shield)
rNeg    + . .      Spirit   +   q - +1 leather armour {rF+}
rPois   .          Reflect  .   (no helmet)
rElec   .          Harm     .   c - +0 cloak
rCorr   .          Rampage  .   (no gloves)
Will    .....                   j - +0 pair of boots
Stlth   +++.......              (no amulet)
HPRegen 1.08/turn               i - ring of positive energy
MPRegen 0.08/turn               (no ring)

@: lethally poisoned (0 -> -4)
A: fangs 2, regeneration 1, magic shield, antimagic bite, no potion heal 2
a: no special abilities


You were on level 3 of the Dungeon.
You visited 1 branch of the dungeon, and saw 3 of its levels.

You collected 161 gold pieces.

Inventory:

Hand Weapons
 a - a +2 dagger
 p - a +2 antimagic dagger (weapon)
Missiles
 d - 6 poisoned darts (quivered)
 e - 2 curare-tipped darts
Armour
 b - a +0 robe
 c - a +0 cloak (worn)
 j - a +0 pair of boots (worn)
 q - a +1 leather armour of fire resistance (worn)
Jewellery
 i - a ring of positive energy (left hand)
 u - a ring of poison resistance
Wands
 o - a wand of iceblast (3)
Scrolls
 f - a scroll of immolation {unknown}
 g - 2 scrolls of identify
 h - a scroll of enchant weapon {unknown}
 l - a scroll of vulnerability
 n - a scroll of noise {unknown}
 r - a scroll of magic mapping {unknown}
 s - a scroll of teleportation {unknown}
 t - a scroll of amnesia {unknown}
Potions
 k - a potion of lignification
 m - 2 potions of attraction {unknown}
 v - a potion of flight {unknown}
 w - a potion of curing {unknown}


   Skills:
 - Level 1.7 Fighting
 + Level 2.3 Short Blades
 - Level 5.0 Throwing
 - Level 0.7 Dodging
 - Level 4.8 Stealth


You had 4 spell levels left.
You didn't know any spells.
Your spell library contained the following spells:

 Spells                   Type           Power      Damage    Failure   Level
 Freeze                   Ice            0%         1d3       41%         1
 Frozen Ramparts          Ice            0%         1d2       80%         3
 Hailstorm                Conj/Ice       0%         3d3       99%         4


Dungeon Overview and Level Annotations

Branches:
Dungeon (3/15)

Altars:
Gozag
The Shining One


Innate Abilities, Weirdness & Mutations

You have extremely sharp teeth.
Your natural rate of healing is unusually fast.
When hurt, damage is shared between your health and your magic reserves.
Your bite disrupts and absorbs the magic of your enemies.
Potions cannot restore your health.


Message History

A gnoll comes into view. It is wielding a +1 spear of venom.
You throw a poisoned dart. The poisoned dart hits the gnoll.
The gnoll is poisoned.
The gnoll shouts! x2
A gnoll comes into view. It is wielding a +0 flail.
The gnoll misses you.
The gnoll shouts!
You hit the gnoll.
The gnoll is moderately wounded.
The gnoll hits you with a +0 whip.
You hit the gnoll. You bite the gnoll, but do no damage.
The gnoll is heavily wounded.
The gnoll closely misses you. x2
You hit the gnoll.
The gnoll is severely wounded.
The gnoll hits you from afar with a +1 spear of venom.
You are poisoned.
The gnoll hits you with a +0 whip.
You completely miss the gnoll.
The gnoll is severely wounded.
You feel very sick. The gnoll hits you but does no damage.
You are more poisoned.
The gnoll closely misses you.
You hit the gnoll but do no damage.
The gnoll is severely wounded.
You feel very sick.
The gnoll looks more healthy.
The gnoll hits you with a +0 whip.
The gnoll hits you from afar with a +1 spear of venom.
You are lethally poisoned!
You are too injured to fight recklessly!
You are too injured to fight recklessly!
Unknown command.
* * * LOW HITPOINT WARNING * * *
You feel very sick.
* * * LOW HITPOINT WARNING * * *
You feel very sick.
* * * LOW HITPOINT WARNING * * *
You feel very sick.
You die...

#..##.......#...............#.
...#.###...................#(
.......#..##...............##
#.....#...#..###..........##
#.. #.......### ........#
....#..##.....# ..#
.........#..##.# ...#
####.........#.###.[..#
#####....@.g.gg(.#
####.....##### #.....# #######


You could see 3 gnolls.

Vanquished Creatures
  Natasha (D:3)
  Ijyb (D:3)
  Terence (D:3)
  2 adders (D:2)
  A gnoll (D:1)
  4 worms (D:2)
  7 dart slugs
  An orc (D:3)
  2 ball pythons (D:2)
  5 endoplasms
  4 giant cockroaches
  5 goblins
  A hobgoblin (D:2)
  5 jackals
  3 quokkas
  3 bats
  4 frilled lizards
  7 kobolds
  6 rats
63 creatures vanquished.

Notes
Turn   | Place    | Note
-------+----------+-------------------------------------------
     0 | D:1      | HAL9000 the Vine Stalker Brigand began the quest for the
                  | Orb.
     0 | D:1      | Reached XP level 1. HP: 11/11 MP: 2/2
   163 | D:1      | Reached skill level 2 in Throwing
   400 | D:1      | Reached XP level 2. HP: 15/15 MP: 3/3
   742 | D:1      | Reached skill level 3 in Throwing
   747 | D:1      | Reached XP level 3. HP: 1/18 MP: 0/4
  1652 | D:2      | Found a faded altar of an unknown god.
  1787 | D:2      | Gained mutation: Your natural rate of healing is unusually
                  | fast. [Vine Stalker growth]
  1787 | D:2      | Reached XP level 4. HP: 23/23 MP: 5/5
  1927 | D:2      | Reached skill level 4 in Throwing
  2307 | D:3      | Noticed Ijyb
  2309 | D:3      | Killed Ijyb
  2310 | D:3      | Reached XP level 5. HP: 26/26 MP: 6/6
  2489 | D:3      | Noticed Natasha
  2492 | D:3      | Killed Natasha
  2543 | D:3      | Found a glowing golden altar of the Shining One.
  2545 | D:3      | Found an opulent altar of Gozag.
  2556 | D:3      | Reached skill level 5 in Throwing
  2594 | D:3      | Noticed Terence
  2619 | D:3      | Killed Terence
  2714 | D:3      | HP: 1/26 [poisoned by a gnoll]
  2715 | D:3      | Succumbed to a gnoll's poison

Illustrated notes

Levels and vault maps discovered:
D:1:      roderic_crop_circles_arrival_small, layout_loops_corners,
          serial_glass, glass_columns_a, glass_columns_c, minmay_pentomino_w4
D:2:      layout_loops_ring, shapermc_ecumenical_altar_starsandcircs
D:3:      layout_basic, okawaru_altar_gauntlet_db, jmf_multi_god_temple,
          minmay_misc_feat_chi, hangedman_decor_points, uniq_terence,
          uniq_natasha, uniq_ijyb

Skill      XL: |  1  2  3  4  5 |
---------------+----------------+-----
Throwing       | 2 3 4 5 |  5.0
Short Blades   | 2 |  2.3
Fighting       | |  1.7
Dodging        | |  0.7
Stealth        | |  4.8

Action                   |  1- 3 |  4- 6 || total
-------------------------+-------+-------++-------
Melee: Dagger            |    80 |    86 ||   166
       Bite              |    18 |    23 ||    41
Throw: Dart              |     9 |    12 ||    21
  Use: Scroll            |     1 |     1 ||     2
 Stab: Sleeping          |    10 |    10 ||    20
Armor: Robe              |     8 |     1 ||     9
       Leather armour    |       |    26 ||    26
Dodge: Dodged            |    36 |    47 ||    83

Table legend: (Time is in decaauts)
 A = Elapsed time spent in this place.
 B = Non-inter-level travel time spent in this place.
 C = Inter-level travel time spent in this place.
 D = Time resting spent in this place.
 E = Time spent auto-exploring this place.
 F = Levels seen in this place.
 G = Mean time per level.
                   A        B        C        D        E       F      G
               +--------+--------+--------+--------+--------+-----+--------+
         Total |   2700 |   2684 |     16 |    374 |   1809 |   3 |  900.0 |
       Dungeon |   2700 |   2684 |     16 |    374 |   1809 |   3 |  900.0 |
               +--------+--------+--------+--------+--------+-----+--------+

Top non-repeatable levels by time:
     D:1: 1465 daAuts
     D:2: 823 daAuts
     D:3: 411 daAuts
